 Dungeon Crawl Stone Soup version 0.26.0-45-g9c1d065592 (webtiles) character file.

Game seed: 15894694411576426245

(classic levelgen) 48 thiole the Stinger (level 3, -5/24 HPs)
             Began as an Octopode Venom Mage on Jan 30, 2021.
             Slain by a gnoll
             ... wielding a +0 whip
              (8 damage)
             ... on level 2 of the Dungeon.
             The game lasted 00:01:26 (1918 turns).

thiole the Stinger (Octopode Venom Mage)            Turns: 1918, Time: 00:01:26

Health: -5/24      AC:  1    Str:  7    XL:     3   Next: 72%
Magic:  1/6        EV: 13    Int: 18    God:
Gold:   70         SH:  0    Dex: 12    Spells: 5/6 levels left

rFire    . . .     SeeInvis .   (no weapon)
rCold    . . .     Faith    .   (no shield)
rNeg     . . .     Spirit   .   (helmet restricted)
rPois    .         Reflect  .   (no amulet)
rElec    .         Harm     .   (no ring)
rCorr    .         Rampage  .   (no ring)
Will     .....                  (no ring)
Stlth    +++.......             (no ring)
HPRegen  0.08/turn              (no ring)
MPRegen  0.10/turn              (no ring)
                                (no ring)
                                (no ring)

@: no status effects
A: almost no armour, stealthy swim, amphibious, 8 rings, constrict 8, camouflage
1, gelatinous body 1
a: no special abilities


You were on level 2 of the Dungeon.
You visited 1 branch of the dungeon, and saw 2 of its levels.

You collected 70 gold pieces.

Inventory:

Missiles
 d - 35 stones
Jewellery
 e - a +6 ring of strength {unknown}
 f - a cursed ring of teleportation {unknown}
Scrolls
 a - 2 scrolls of amnesia {unknown}
 b - a scroll of identify {unknown}
 c - a scroll of teleportation {unknown}
 g - a scroll of fog {unknown}


   Skills:
 - Level 2.0 Fighting
 - Level 2.0 Dodging
 - Level 2.6 Stealth
 - Level 2.0 Spellcasting
 + Level 1.7 Transmutations
 + Level 1.2 Fire Magic
 - Level 4.0 Poison Magic


You had 5 spell levels left.
You knew the following spells:

 Your Spells              Type           Power        Failure   Level
a - Sting                 Tmut/Pois      48%          5%          1

Your spell library contained the following spells:

 Spells                   Type           Power        Failure   Level
 Poisonous Vapours        Pois/Air       18%          12%         2
 Ignite Poison            Fire/Tmut/Pois 10%          22%         3
 Mephitic Cloud           Conj/Pois/Air  6%           32%         3
 Olgreb's Toxic Radiance  Pois           16%          34%         4


Dungeon Overview and Level Annotations

Branches:
Dungeon (2/15)

Altars:
Elyvilon
Zin


Innate Abilities, Weirdness & Mutations

You cannot wear most types of armour.
You are very stealthy in the water. (Stealth+)
You are amphibious.
You can wear up to eight rings at the same time.
You can use your tentacles to constrict eight enemies at once.
Your skin changes colour to match your surroundings (Stealth+).
Your rubbery body absorbs attacks. (AC +1, EV +1)


Message History

The sting hits the gnoll.
The gnoll is poisoned.
The gnoll is lightly wounded.
The gnoll hits you with a +0 whip.
* * * LOW HITPOINT WARNING * * *
You see here a +0 club.
The gnoll looks more healthy.
The gnoll looks more healthy.
You see here 15 bolts.
Casting: Sting (safe; 5% risk of failure)
Confirm with . or Enter, or press ? or * to list all spells.
Aiming: Sting (safe; 5% risk of failure)
Press: ? - help, Shift-Dir - straight line, f/p - gnoll
Aim: a gnoll, wielding a +0 whip (moderately wounded, 25% to evade)
The sting hits the gnoll.
The gnoll is poisoned.
The gnoll is moderately wounded.
The gnoll hits you with a +0 whip.
* * * LOW HITPOINT WARNING * * *
There is a stone staircase leading up here.
The gnoll hits you with a +0 whip!
You die...

### ###### ..# #..... #.#
#.#### #####.## #.# # #
#......# #.####
#.##......# #.##..
#.....g.g.# #.##.#
#####....#.# #########
#.##.#
....g.#.##.####g@.....####
#.##.#
#######.##.g(g...........#
#.....
#.#######..##.#.##.#
####)# #'# #..##.#.##.#
#.# ... #..##...##.# #.#
... #..###..##.# #.# ..
#..........# ##.#
##....#..########...
....................


You could see 3 gnolls.

Vanquished Creatures
  A gnoll (D:2)
  A worm (D:2)
  A dart slug (D:1)
  4 leopard geckos
  2 giant cockroaches (D:1)
  3 hobgoblins
  A quokka (D:2)
  3 bats (D:1)
  A frilled lizard (D:1)
  5 goblins
  3 kobolds
  4 rats
29 creatures vanquished.

Vanquished Creatures (others)
  A kobold (D:2)
1 creature vanquished.

Grand Total: 30 creatures vanquished

Notes
Turn   | Place    | Note
-------+----------+-------------------------------------------
     0 | D:1      | thiole the Octopode Venom Mage began the quest for the Orb.
     0 | D:1      | Reached XP level 1. HP: 11/11 MP: 3/3
   363 | D:1      | Reached skill level 4 in Poison Magic
   399 | D:1      | Reached skill level 1 in Fighting
   399 | D:1      | Reached XP level 2. HP: 18/18 MP: 0/5
  1153 | D:2      | Reached XP level 3. HP: 24/24 MP: 3/6
  1181 | D:2      | Found a glowing silver altar of Zin.
  1719 | D:2      | Found a white marble altar of Elyvilon.
  1900 | D:2      | Reached skill level 1 in Fire Magic
  1918 | D:2      | Slain by a gnoll

Illustrated notes

Levels and vault maps discovered:
D:1:      nicolae_arrival_washed_ashore, layout_basic, hex_intersection
D:2:      layout_loops_corners, old_standard_altar, elyvilon_altar_4

Skill      XL: |  1  2  3 |
---------------+----------+-----
Poison Magic   | 4 |  4.0
Fighting       | 1 2 |  2.0
Fire Magic     | 1 |  1.2
Dodging        | |  2.0
Stealth        | |  2.6
Spellcasting   | |  2.0
Transmutations | |  1.7

Action                   || total
-------------------------++-------
Melee: Unarmed           ||    17
       Constrict         ||     7
       Tentacles         ||     2
 Cast: Sting             ||    53
 Stab: Sleeping          ||     1
Armor: Skin              ||     2
Dodge: Dodged            ||    20
